 Dungeon Crawl Stone Soup version 0.19.0-11-g3fc08b3 (webtiles) character file.

140 MTVSty1e the Skirmisher (level 5, -17/48 HPs)
             Began as a Minotaur Berserker on Nov 9, 2016.
             Was a Believer of Trog.
             Killed from afar by jerryfan's ghost (27 damage)
             ... with a bolt of negative energy
             ... on level 6 of the Dungeon.
             The game lasted 00:03:54 (2349 turns).

MTVSty1e the Skirmisher (Minotaur Berserker)        Turns: 2349, Time: 00:03:55

Health: -17/48     AC:  4    Str: 23    XL:     5   Next: 2%
Magic:  4/4        EV: 12    Int:  4    God:    Trog [**....]
Gold:   83         SH:  2    Dex:  9    Spells: 0 memorised, 4 levels left

rFire  . . .     SeeInvis .     a - +0 hand axe
rCold  + . .     Gourm    .     c - +0 leather armour
rNeg   . . .     Faith    .     (no shield)
rPois  .         Spirit   .     (helmet restricted)
rElec  .         Reflect  +     (no cloak)
rCorr  .         Harm     .     i - +0 pair of gloves
MR     .....                    (no boots)
Stlth  +.........               d - +2 amulet of reflection
                                (no ring)
                                f - ring of protection from cold

@: very slightly contaminated, hasted, drained, very quick
A: retaliatory headbutt, horns 2
a: Berserk, Trog's Hand, Burn Spellbooks, Renounce Religion


You were on level 6 of the Dungeon.
You worshipped Trog.
Trog was pleased with you.
You were not hungry.

You visited 1 branch of the dungeon, and saw 4 of its levels.

You collected 83 gold pieces.

Inventory:

Hand Weapons
 a - a +0 hand axe (weapon)
Armour
 c - a +0 leather armour (worn)
 i - a +0 pair of gloves (worn)
Jewellery
 d - a +2 amulet of reflection (around neck)
 f - a ring of protection from cold (left hand)
Scrolls
 b - a scroll of identify
 p - a scroll of teleportation {unknown}
 q - 3 scrolls of enchant armour {unknown}
Potions
 e - a potion of brilliance
 g - a potion of lignification
 j - a potion of curing
Comestibles
 h - 2 slices of pizza
 k - a bread ration
 l - 2 beef jerkies
 o - 4 fruits


   Skills:
 * Level 5.4(4.8) Fighting
 + Level 4.3(3.7) Axes
 + Level 3.5(2.9) Armour
 + Level 2.9(2.4) Dodging


You had 4 spell levels left.
You didn't know any spells.

Dungeon Overview and Level Annotations

Branches:
Dungeon (3/15)

Altars:
Cheibriados
Elyvilon

Annotations:
D:6 jerryfan's ghost, novice DrBe


Innate Abilities, Weirdness & Mutations

You reflexively headbutt those who attack you in melee.
You have a pair of horns on your head.


Message History

The bolt of negative energy misses you.
It was a potion of curing.
You feel better. Jerryfan's ghost barely misses you.
You barely miss jerryfan's ghost.
Jerryfan's ghost is severely damaged.
Jerryfan's ghost hits you.
* * * LOW HITPOINT WARNING * * *
It was a potion of haste.
You feel yourself speed up. Jerryfan's ghost hits you.
* * * LOW HITPOINT WARNING * * *
You are very lightly contaminated with residual magic.
It was a potion of cure mutation.
It has a very clean taste.
You miss jerryfan's ghost.
Jerryfan's ghost is severely damaged.
You block jerryfan's ghost's attack.
You closely miss jerryfan's ghost.
Jerryfan's ghost is severely damaged.
Jerryfan's ghost breathes negative energy at you.
The bolt of negative energy hits you!
You feel drained.
Ouch! That really hurt!
You die...

#...# ###...#
.....# .....
...## # ...
###.#
#.##....##
#.........
#.@..####
........W.#
..#..#..#.#
............
.....#.......
.....#....####
.##. #....# #.
#....#


You could see jerryfan's ghost.

Vanquished Creatures
  Ijyb (D:2)
  4 adders
  A worm (D:2)
  3 dart slugs
  2 leopard geckos (D:1)
  3 orcs (D:3)
  4 bats
  3 giant cockroaches
  6 goblins
  9 hobgoblins
  9 jackals
  4 kobolds
  3 quokkas (D:2)
  4 frilled lizards
  3 rats (D:1)
59 creatures vanquished.

Notes
Turn   | Place    | Note
-------+----------+-------------------------------------------
     0 | D:1      | MTVSty1e the Minotaur Berserker began the quest for the Orb.
     0 | D:1      | Reached XP level 1. HP: 19/19 MP: 0/0
   132 | D:1      | Reached XP level 2. HP: 24/27 MP: 1/1
   278 | D:1      | Reached skill level 4 in Fighting
   541 | D:1      | Reached XP level 3. HP: 31/34 MP: 2/2
   559 | D:1      | Reached ** piety under Trog
   738 | D:2      | Noticed Ijyb
   746 | D:2      | Killed Ijyb
   913 | D:2      | Reached XP level 4. HP: 41/41 MP: 3/3
   914 | D:2      | Reached skill level 5 in Fighting
  1078 | D:2      | Found a snail-covered altar of Cheibriados.
  1427 | D:2      | Found a white marble altar of Elyvilon.
  2255 | D:3      | Reached XP level 5. HP: 43/48 MP: 4/4
  2289 | D:3      | You fall through a shaft for 3 floors!
  2289 | D:6      | Noticed jerryfan's ghost (novice DrBe)
  2349 | D:6      | Killed from afar by jerryfan's ghost

Skill      XL: |  1  2  3  4 |
---------------+-------------+-----
Fighting       | 4 5 |  5.4
Axes           | 4 |  4.3
Armour         | 3 |  3.5
Dodging        | |  2.9

Action                   |  1- 3 |  4- 6 || total
-------------------------+-------+-------++-------
Melee: Hand axe          |    59 |   115 ||   174
       Headbutt          |    12 |     7 ||    19
  Use: Scroll            |     3 |     3 ||     6
       Potion            |       |     4 ||     4
  Eat: Bread ration      |       |     1 ||     1
Armor: Animal skin       |    18 |     1 ||    19
       Leather armour    |       |     9 ||     9
       Skin              |       |    37 ||    37
Dodge: Dodged            |    43 |    34 ||    77
Block: Other             |     3 |     7 ||    10
